[Event "Titled Tuesday Blitz January 31 Late 2023"]
[White "Gardezi, Arsal"]
[Black "Carbone, Diego"]
[WhiteFideId "30949521"]
[BlackFideId "3002179"]
[WhiteElo "2093"]
[BlackElo "2336"]
[Result "1-0"]
[Round "02"]
[TimeControl "180+2"]
[Date "2023.01.31"]
[WhiteClock "0:00:18"]
[BlackClock "0:00:04"]

1. d4 Nf6 2. c4 e6 3. Nc3 d5 4. cxd5 exd5 5. Nf3 c6 6. Bf4 Bd6 7. Bg3 O-O 8. e3 Bf5 9. Bd3 Bxd3 10. Qxd3 Re8 11. O-O Bxg3 12. hxg3 Ne4 13. Ne5 f6 14. Nxe4 fxe5 15. Nc5 e4 16. Qa3 b6 17. Nb7 Qd7 18. Nd6 Re6 19. Nf5 Rf6 20. g4 g6 21. Nh6+ Kg7 22. g5 Rf8 23. f3 exf3 24. Qxf8+ Kxf8 25. Rxf3+ Ke8 26. Raf1 Qd6 27. Rf6 Qe7 28. Ng8 Qg7 29. Re6+ Kd8 30. Nf6 Kc7 31. Ne8+ Kd7 32. Nxg7 Na6 33. Rf7+ Kd8 34. Re8# 1-0


[Site "https://www.chess.com"]

[Event "Titled Tuesday Blitz January 31 Late 2023"]
[White "Kochetov, Andrey"]
[Black "Dylag, Emilia"]
[WhiteFideId "24130532"]
[BlackFideId "21805172"]
[WhiteElo "2165"]
[BlackElo "2095"]
[Result "0-1"]
[Round "02"]
[TimeControl "180+2"]
[Date "2023.01.31"]
[WhiteClock "0:00:04"]
[BlackClock "0:00:53"]

1. e4 e5 2. Nf3 Nc6 3. Bc4 Nf6 4. d3 Be7 5. O-O O-O 6. c3 h6 7. Re1 d6 8. Nbd2 a6 9. Bb3 Be6 10. Nf1 Re8 11. Ng3 Bf8 12. h3 g6 13. Be3 Bg7 14. Bxe6 Rxe6 15. Qd2 Kh7 16. Rad1 d5 17. exd5 Nxd5 18. Ne4 Nxe3 19. Qxe3 b6 20. d4 exd4 21. cxd4 Qd5 22. Neg5+ hxg5 23. Nxg5+ Kg8 24. Nxe6 fxe6 25. Qg3 Nxd4 26. Qxg6 Rf8 27. h4 Qf5 28. Qg3 c5 29. Re3 Kh7 30. a3 Bh6 31. Ree1 Rf7 32. f3 Rg7 33. Qf2 Nxf3+ 34. Kh1 Nxe1 35. Qxe1 Qg4 36. Qf1 Qxh4+ 37. Kg1 Be3+ 0-1


[Site "https://www.chess.com"]

[Event "Titled Tuesday Blitz January 31 Late 2023"]
[White "Stavri, Gligor"]
[Black "Ekdyshman, Mikhail"]
[WhiteFideId "4706013"]
[BlackFideId "4149416"]
[WhiteElo "1867"]
[BlackElo "2264"]
[Result "0-1"]
[Round "02"]
[TimeControl "180+2"]
[Date "2023.01.31"]
[WhiteClock "0:00:06"]
[BlackClock "0:00:11"]

1. d4 Nf6 2. c4 c5 3. d5 b5 4. cxb5 a6 5. bxa6 Bxa6 6. Nc3 d6 7. Nf3 g6 8. e4 Bxf1 9. Kxf1 Qc8 10. h3 Bg7 11. Kg1 O-O 12. Kh2 Qb7 13. Re1 Nbd7 14. Re2 Ne8 15. Rc2 Nc7 16. Qe2 e6 17. dxe6 fxe6 18. Bg5 Rf7 19. Rd1 d5 20. exd5 exd5 21. Bh4 Re8 22. Qf1 d4 23. Ng5 Rf5 24. Qc4+ Nd5 25. Nce4 h6 26. Bg3 hxg5 27. Nd6 Qa8 28. Nxe8 Qxe8 29. Re2 Qf7 30. Rde1 Nf4 31. Re8+ Kh7 32. Qxf7 Rxf7 33. a4 Nd3 34. R1e7 Rxe7 35. Rxe7 Nb6 36. a5 Nc8 37. Rc7 Nb4 38. Rxc8 d3 39. Rd8 Bd4 40. a6 Nxa6 41. Ra8 Nb4 42. Ra1 Bxb2 43. Rd1 Bc3 44. f4 d2 45. fxg5 Nd3 46. Rf1 Ne1 47. Rxe1 dxe1=Q 48. Bxe1 Bxe1 49. Kg1 Bh4 50. Kf1 Bxg5 51. Ke2 Bf6 52. Kd3 Bd4 53. Kc4 Kh6 54. Kd5 Kg5 55. g3 Kf5 56. Kc4 Ke4 57. g4 Kf4 58. Kd5 Kg5 59. Ke6 c4 60. Kd5 c3 0-1


[Site "https://www.chess.com"]

[Event "Titled Tuesday Blitz January 31 Late 2023"]
[White "Rosenberg, Evan S"]
[Black "Goncalves, Davi Sulzbacher"]
[WhiteFideId "2019299"]
[BlackFideId "2154510"]
[WhiteElo "1956"]
[BlackElo "2282"]
[Result "1-0"]
[Round "02"]
[TimeControl "180+2"]
[Date "2023.01.31"]
[WhiteClock "0:01:02"]
[BlackClock "0:00:01"]

1. d4 Nf6 2. Nf3 g6 3. Nc3 Bg7 4. e4 O-O 5. e5 Ne8 6. h4 d6 7. h5 Bg4 8. hxg6 hxg6 9. Bh6 dxe5 10. Bxg7 Nxg7 11. Qd2 Bxf3 12. gxf3 Qxd4 13. Qh6 Nh5 14. Ne4 Rd8 15. Bd3 Qxb2 16. Rd1 Qb4+ 17. Kf1 Nd7 18. Rxh5 gxh5 19. Ke2 Nf8 20. Rg1+ Ng6 21. Rxg6+ fxg6 22. Ng5 Qf4 23. Qxg6+ 1-0


[Site "https://www.chess.com"]

[Event "Titled Tuesday Blitz January 31 Late 2023"]
[White "Papayan, Oleg"]
[Black "Szente Varga, Fruzsina"]
[WhiteFideId "4193911"]
[BlackFideId "712264"]
[WhiteElo "2253"]
[BlackElo "2075"]
[Result "0-1"]
[Round "02"]
[TimeControl "180+2"]
[Date "2023.01.31"]
[WhiteClock "0:00:01"]
[BlackClock "0:00:17"]

1. d4 Nf6 2. Nf3 g6 3. Nc3 d5 4. Bf4 Bg7 5. Nb5 Na6 6. e3 O-O 7. h3 c6 8. Nc3 Nc7 9. Bd3 Nce8 10. O-O Nd6 11. a4 Bf5 12. a5 Nfe4 13. Ne2 c5 14. c3 c4 15. Bc2 Re8 16. g4 Bd7 17. Bh2 f5 18. g5 Nf7 19. h4 h6 20. Bf4 hxg5 21. Nxg5 Nexg5 22. Bxg5 Nxg5 23. hxg5 e5 24. f4 exf4 25. exf4 Qe7 26. Ng3 Qe3+ 27. Kg2 Kf7 28. Qf3 Qxf3+ 29. Kxf3 Re7 30. Rfe1 Rae8 31. Rxe7+ Rxe7 32. Nf1 Bf8 33. Ne3 Bc6 34. Ba4 Re4 35. Bxc6 bxc6 36. a6 Bd6 37. Ng2 Re8 38. Ne3 Rb8 39. Nd1 Rb6 40. Ra4 Ke6 41. Ra2 c5 42. dxc5 Bxc5 43. Ne3 Kd6 44. Nc2 Kc6 45. Ke2 Kb5 0-1


[Site "https://www.chess.com"]

[Event "Titled Tuesday Blitz January 31 Late 2023"]
[White "Riverol, Jose"]
[Black "Mortazavi, Ali"]
[WhiteFideId "3000427"]
[BlackFideId "401323"]
[WhiteElo "2304"]
[BlackElo "2333"]
[Result "1-0"]
[Round "02"]
[TimeControl "180+2"]
[Date "2023.01.31"]
[WhiteClock "0:01:05"]
[BlackClock "0:00:10"]

1. d4 Nf6 2. c4 g6 3. Nc3 Bg7 4. e4 O-O 5. Nf3 d6 6. Be2 Bg4 7. Ng1 Bc8 8. Nf3 c5 9. O-O Bg4 10. Be3 Nfd7 11. Qd2 Bxf3 12. Bxf3 Nc6 13. dxc5 dxc5 14. Rad1 Nd4 15. Nb5 e5 16. Bxd4 cxd4 17. b4 b6 18. Rc1 Qh4 19. g3 Qh6 20. Qxh6 Bxh6 21. Rc2 a5 22. a3 axb4 23. axb4 Ra4 24. Rb1 f5 25. exf5 gxf5 26. Bc6 Nf6 27. Nd6 Nh5 28. Bxa4 e4 29. Bd7 d3 30. Rc3 Bg7 31. Rcc1 Rd8 32. Be6+ Kf8 33. Nxf5 Be5 34. Bd5 Nf6 35. Ne3 Bd4 36. h3 Ke7 37. g4 h6 38. Kf1 Bxe3 39. fxe3 Kd6 40. Ke1 Ke5 41. Kd2 h5 42. g5 Nh7 43. h4 Nf8 44. Rf1 Ng6 45. Rh1 Rf8 46. Rbf1 Rxf1 47. Rxf1 Nxh4 48. Rf4 Nf3+ 49. Rxf3 exf3 50. Bxf3 h4 51. Bg4 Kd6 52. g6 Ke7 1-0


[Site "https://www.chess.com"]

[Event "Titled Tuesday Blitz January 31 Late 2023"]
[White "Mayaud, Raphael"]
[Black "Travadon, Loic"]
[WhiteFideId "627151"]
[BlackFideId "26092131"]
[WhiteElo "2201"]
[BlackElo "2461"]
[Result "0-1"]
[Round "02"]
[TimeControl "180+2"]
[Date "2023.01.31"]
[WhiteClock "0:00:01"]
[BlackClock "0:00:14"]

1. d4 d5 2. Nf3 Nf6 3. e3 c5 4. Bd3 Nc6 5. b3 cxd4 6. exd4 Bg4 7. Bb2 e6 8. O-O Bd6 9. Nbd2 O-O 10. c3 Rc8 11. Qe2 Bb8 12. h3 Bh5 13. Rfe1 a6 14. Qe3 Bg6 15. Ne5 Nxe5 16. dxe5 Bxd3 17. exf6 Bg6 18. fxg7 Kxg7 19. Nf3 Kg8 20. Ne5 Bf5 21. g4 Be4 22. f3 Bxe5 23. fxe4 Bc7 24. Kg2 dxe4 25. Qxe4 Qh4 26. Re3 Bb6 27. Re2 Rc6 28. c4 Bc7 29. Re3 Rd8 30. Rae1 Rd2+ 31. R1e2 Rxe2+ 32. Rxe2 Qg3+ 33. Kf1 Qxh3+ 34. Ke1 Qg3+ 35. Kd1 Rd6+ 36. Kc1 Rd3 37. Kc2 Rf3 38. Qd4 e5 39. Qd7 Rf2 40. Rxf2 Qxf2+ 41. Kc1 Qf4+ 42. Kb1 e4 43. Qe7 Qf1+ 44. Kc2 Qd3+ 45. Kc1 Bf4# 0-1


[Site "https://www.chess.com"]

[Event "Titled Tuesday Blitz January 31 Late 2023"]
[White "Kaufman, Lawrence"]
[Black "Senthilkumar, Pranav"]
[WhiteFideId "2000555"]
[BlackFideId "2083477"]
[WhiteElo "2188"]
[BlackElo "1854"]
[Result "0-1"]
[Round "02"]
[TimeControl "180+2"]
[Date "2023.01.31"]
[WhiteClock "0:00:01"]
[BlackClock "0:00:06"]

1. e4 c5 2. Nf3 e6 3. c3 Nf6 4. e5 Nd5 5. Bc4 Nb6 6. Bb3 Be7 7. d4 O-O 8. O-O d6 9. dxc5 dxc5 10. Qe2 Nc6 11. Rd1 Qc7 12. Na3 a6 13. Bf4 Na5 14. Bc2 c4 15. Nb1 Nd5 16. Bg5 h6 17. Qe4 g6 18. Bxh6 Re8 19. Nbd2 Qb6 20. Rab1 Bc5 21. Qh4 Be7 22. Bg5 Bf8 23. Ne4 Bg7 24. Nf6+ Nxf6 25. exf6 Bf8 26. Bh6 Qc5 27. Bxf8 Qh5 28. Qxh5 gxh5 29. Bg7 e5 30. Rd5 Nc6 31. Rbd1 Bg4 32. h3 Bxf3 33. gxf3 b5 34. Be4 Rac8 35. Rd6 Nd8 36. Rxa6 Ne6 37. Rad6 Ng5 38. Kg2 Ne6 39. R6d5 Nf4+ 40. Kg3 Nxd5 41. Rxd5 Ra8 42. Kh4 Rxa2 43. Rxb5 Ra1 44. Kxh5 Rh1 45. h4 Rh2 46. Kg5 Rg2+ 47. Kf5 Rh2 48. Kg4 Rg2+ 49. Kh3 Rxf2 50. h5 Rf1 51. h6 Rh1+ 52. Kg2 Rh5 53. h7+ Rxh7 54. Bxh7+ Kxh7 55. Rc5 Kg6 56. Rxc4 Rb8 57. Re4 Kf5 58. Re2 Rb3 59. Rc2 Ke6 60. Kf2 Kd5 61. Ke3 Kc4 62. Kd2 Rb5 63. b4 Rd5+ 64. Ke2 Rb5 65. Rd2 Kxc3 66. Rd7 Rxb4 67. Rxf7 Rb1 68. Re7 Kd4 69. f7 Rb2+ 70. Kf1 Ke3 71. Kg1 Kxf3 0-1


[Site "https://www.chess.com"]

[Event "Titled Tuesday Blitz January 31 Late 2023"]
[White "Matko, Ognjen"]
[Black "Osmonbekov, Talaibek"]
[WhiteFideId "14509717"]
[BlackFideId "2017253"]
[WhiteElo "2295"]
[BlackElo "2137"]
[Result "1-0"]
[Round "02"]
[TimeControl "180+2"]
[Date "2023.01.31"]
[WhiteClock "0:00:13"]
[BlackClock "0:00:04"]

1. Nf3 f5 2. d3 Nf6 3. e4 d6 4. Nc3 e5 5. exf5 Bxf5 6. d4 e4 7. Ng5 h6 8. Nh3 g5 9. d5 Bg7 10. Be3 O-O 11. Be2 c6 12. Qd2 Qa5 13. b4 Qc7 14. O-O Qd7 15. dxc6 bxc6 16. Rad1 d5 17. b5 Bxh3 18. gxh3 Qxh3 19. bxc6 Nxc6 20. Nxd5 Ne5 21. Nxf6+ Bxf6 22. Qd5+ Kg7 23. Qxe4 Rae8 24. Kh1 Ng6 25. Qb7+ Rf7 26. Qg2 Qc8 27. Bh5 Nh4 28. Qd5 Rfe7 29. Bxe8 Qxe8 30. Rb1 Qc8 31. Rfd1 Qxc2 32. Bd4 1-0


[Site "https://www.chess.com"]

[Event "Titled Tuesday Blitz January 31 Late 2023"]
[White "Gasparyan, David"]
[Black "Wang, Alexander J"]
[WhiteFideId "13311980"]
[BlackFideId "30955270"]
[WhiteElo "2142"]
[BlackElo "1815"]
[Result "1-0"]
[Round "02"]
[TimeControl "180+2"]
[Date "2023.01.31"]
[WhiteClock "0:01:26"]
[BlackClock "0:00:11"]

1. d4 d5 2. Nf3 e6 3. Bf4 c5 4. e3 Nc6 5. c3 Nf6 6. Bd3 Bd6 7. Bg3 O-O 8. Nbd2 a6 9. a4 c4 10. Bc2 Rb8 11. e4 dxe4 12. Nxe4 Nxe4 13. Bxe4 Bxg3 14. hxg3 f5 15. Bc2 b5 16. axb5 axb5 17. Qe2 Qd5 18. g4 b4 19. Rh4 bxc3 20. bxc3 Bd7 21. Kf1 Rb2 22. Ne1 Rfb8 23. Rd1 g6 24. Kg1 Na5 25. Qd2 Ba4 26. Qh6 Bxc2 27. Qxh7+ Kf8 28. Nxc2 Rxc2 29. Qh8+ Ke7 30. Rh7+ Kd6 31. Qxb8+ Kc6 1-0


[Site "https://www.chess.com"]

[Event "Titled Tuesday Blitz January 31 Late 2023"]
[White "Fajdetic, Hrvoje"]
[Black "Novikov, Evgenij"]
[WhiteFideId "14501945"]
[BlackFideId "4125380"]
[WhiteElo "2151"]
[BlackElo "2276"]
[Result "0-1"]
[Round "02"]
[TimeControl "180+2"]
[Date "2023.01.31"]
[WhiteClock "0:00:01"]
[BlackClock "0:00:40"]

1. f4 g5 2. d3 Bg7 3. e4 d5 4. e5 gxf4 5. Bxf4 c5 6. Nf3 Nc6 7. c3 Bg4 8. d4 cxd4 9. cxd4 Qb6 10. Nc3 O-O-O 11. Be3 Qxb2 12. Rc1 Kb8 13. Be2 Nh6 14. O-O Nf5 15. Bf2 Bh6 16. Rc2 Qb4 17. Qb1 Ne3 18. Qxb4 Nxb4 19. Rb2 Nxf1 20. Rxb4 Ne3 21. Ba6 b6 22. e6 Bxf3 23. Bg3+ Ka8 0-1


[Site "https://www.chess.com"]

[Event "Titled Tuesday Blitz January 31 Late 2023"]
[White "Bochnicka, Vladimir"]
[Black "Floresvillar Gonzalez, Luis Migu"]
[WhiteFideId "14943450"]
[BlackFideId "5100542"]
[WhiteElo "2327"]
[BlackElo "2043"]
[Result "1-0"]
[Round "02"]
[TimeControl "180+2"]
[Date "2023.01.31"]
[WhiteClock "0:00:17"]
[BlackClock "0:00:08"]

1. e4 c6 2. d4 d5 3. e5 Bf5 4. h4 h5 5. c4 dxc4 6. Bxc4 e6 7. Nc3 Nd7 8. Nge2 Ne7 9. Ng3 Bg6 10. Bg5 Qb6 11. Bxe7 Bxe7 12. Qd2 O-O-O 13. Na4 Qc7 14. Qf4 b5 15. Bxb5 cxb5 16. Rc1 bxa4 17. Rxc7+ Kxc7 18. O-O Nb6 19. Rc1+ Kb7 20. Qf3+ Nd5 21. Qd1 Rc8 22. Rxc8 Rxc8 23. Qxa4 Bxh4 24. Ne2 Be7 25. a3 Rc7 26. b4 h4 27. Qb3 Bc2 28. Qf3 Bg6 29. Nf4 Rc1+ 30. Kh2 Kc7 31. Nxd5+ exd5 32. Qxd5 Rc6 33. Qb3 Rb6 34. d5 Bg5 35. a4 Bf4+ 36. g3 hxg3+ 37. fxg3 Bxe5 38. a5 Rf6 39. Qc4+ Kd7 40. Qb5+ Kd6 41. Qc5+ Kd7 42. Qxa7+ Kd6 43. Qc5+ Kd7 44. b5 Bd6 45. Qc6+ Kd8 46. Qb6+ Bc7 47. Qd4 Rd6 48. b6 Bb8 49. a6 Rd7 50. a7 Bxa7 51. bxa7 Bf5 52. a8=Q+ Ke7 53. Qe5+ Be6 54. Qa3+ Ke8 55. dxe6 fxe6 56. Qxe6+ Kd8 57. Qa5+ Kc8 58. Qc6+ 1-0


[Site "https://www.chess.com"]

[Event "Titled Tuesday Blitz January 31 Late 2023"]
[White "Yanayt, Eugene"]
[Black "Drnovsek, Gal"]
[WhiteFideId "2020165"]
[BlackFideId "14607077"]
[WhiteElo "2004"]
[BlackElo "2397"]
[Result "0-1"]
[Round "02"]
[TimeControl "180+2"]
[Date "2023.01.31"]
[WhiteClock "0:00:01"]
[BlackClock "0:00:08"]

1. e3 g6 2. Nf3 Bg7 3. c4 d6 4. Nc3 c5 5. d4 Nc6 6. d5 Na5 7. Be2 a6 8. O-O Rb8 9. Bd2 Bd7 10. a4 Nf6 11. e4 O-O 12. h3 Qc7 13. Bf4 Nh5 14. Bh2 f5 15. exf5 gxf5 16. Ng5 Nf6 17. Ne6 Bxe6 18. dxe6 Nc6 19. Nd5 Nxd5 20. Qxd5 Nd4 21. Bh5 Rf6 22. Bf7+ Kh8 23. Rae1 Rf8 24. Re3 f4 25. Re4 f3 26. g4 Rh6 27. Bh5 Rg8 28. Bf4 Rf6 29. Bg5 Rff8 30. Re3 Bf6 31. Bh6 Rb8 32. Kh1 Qc6 33. h4 Qxd5 34. cxd5 Bxh4 35. Bf4 Bf6 36. Bg3 b5 37. a5 b4 38. Rfe1 Rb5 39. Bxd6 exd6 40. e7 Bxe7 41. Rxe7 Ne2 42. g5 Nf4 43. Bxf3 Rxg5 44. Rf7 Nd3 45. Re8+ Rg8 46. Rff8 Rxf8 47. Rxf8+ Kg7 48. Rd8 Ne5 49. Be4 Nf7 50. Rd7 Kf6 51. Bxh7 Rxa5 52. Bg8 Ne5 53. Rxd6+ Kf5 54. Bh7+ Kf4 55. Rf6+ Kg5 56. Rf8 Ra1+ 57. Kg2 Nc4 58. Rg8+ Kf6 59. Rg6+ Ke5 60. Kf3 Rd1 61. Rg5+ Kf6 62. Rf5+ Ke7 63. Rh5 Kd6 64. Kg2 Ne5 65. Rh6+ Kxd5 66. Bg8+ Kd4 67. Rh4+ Kd3 68. Bh7+ Kd2 69. Re4 Nc4 70. Rxc4 Rc1 71. Re4 a5 72. Re5 a4 73. Bg8 a3 74. Rd5+ Ke2 75. Bh7 a2 76. Bd3+ Ke1 77. Re5+ Kd2 0-1


[Site "https://www.chess.com"]

[Event "Titled Tuesday Blitz January 31 Late 2023"]
[White "Corredor Castellanos, Camilo"]
[Black "Arencibia Monduy, Antonio"]
[WhiteFideId "4425871"]
[BlackFideId "3507939"]
[WhiteElo "1957"]
[BlackElo "2122"]
[Result "0-1"]
[Round "02"]
[TimeControl "180+2"]
[Date "2023.01.31"]
[WhiteClock "0:00:34"]
[BlackClock "0:01:07"]

1. Nf3 e6 2. b3 d5 3. Bb2 Nf6 4. e3 Be7 5. c4 O-O 6. d4 b6 7. Bd3 Bb7 8. O-O Ne4 9. Nbd2 f5 10. Ne5 Nd7 11. f3 Nxd2 12. Qxd2 Nxe5 13. dxe5 dxc4 14. bxc4 Bc5 15. Kh1 Qe7 16. Qe2 Rad8 17. Rad1 f4 18. exf4 Rxf4 19. Bc1 Rff8 20. Be4 Bxe4 21. Qxe4 Rxd1 22. Rxd1 Rd8 23. Rf1 Qd7 24. Qg4 Qf7 25. h3 a5 26. f4 g6 27. f5 exf5 28. Qg5 Be7 29. Qf4 Qe6 30. Bb2 a4 31. h4 a3 32. Ba1 Kg7 33. h5 g5 34. Qf3 Rf8 35. Qd5 Qxd5 36. cxd5 Kh6 37. Rc1 Bc5 38. d6 cxd6 39. exd6 Rd8 40. Bf6 Rxd6 41. Be7 Rd5 42. Bxc5 Rxc5 43. Rb1 Kxh5 44. Rxb6 Rc2 45. Ra6 Rxa2 46. Ra4 f4 47. Kh2 Kg4 48. Ra5 h5 49. Ra6 h4 50. Kh1 Kg3 0-1


[Site "https://www.chess.com"]

[Event "Titled Tuesday Blitz January 31 Late 2023"]
[White "Zampronha, Wladimir Camilo"]
[Black "Hajiyev, Kanan"]
[WhiteFideId "2103087"]
[BlackFideId "13404148"]
[WhiteElo "2176"]
[BlackElo "2197"]
[Result "0-1"]
[Round "02"]
[TimeControl "180+2"]
[Date "2023.01.31"]
[WhiteClock "0:00:44"]
[BlackClock "0:00:19"]

1. e4 c6 2. d4 d5 3. e5 a6 4. c4 Bf5 5. Nc3 e6 6. Nf3 Bb4 7. a3 Bxc3+ 8. bxc3 dxc4 9. Bxc4 Ne7 10. O-O O-O 11. a4 Nd5 12. Ba3 Re8 13. Qd2 Nd7 14. Bd3 Bxd3 15. Qxd3 h6 16. Rfe1 b5 17. Nd2 Qg5 18. Ne4 Qg6 19. Qf3 N7b6 20. axb5 axb5 21. Bc5 Nc4 22. Nd6 Reb8 23. Nxc4 bxc4 24. h3 Qd3 25. Rxa8 Rxa8 26. Qxd3 cxd3 27. Rd1 Nxc3 28. Rxd3 Ra1+ 29. Kh2 Nd5 30. Rd2 Ra4 31. g3 h5 32. Kg2 g5 33. Rb2 Kg7 34. Rb7 g4 35. hxg4 hxg4 36. Rb1 Ra2 37. Re1 Rd2 38. Re4 Kh6 39. Kg1 Kh5 40. Kg2 Kg5 41. Kg1 Kf5 42. Re1 Nc3 43. Kg2 Ne4 44. Rf1 Nxc5 45. dxc5 Rc2 46. Rd1 Kxe5 47. Rd7 f5 0-1


[Site "https://www.chess.com"]

[Event "Titled Tuesday Blitz January 31 Late 2023"]
[White "Tinmaz, Kerem"]
[Black "Kleiman, Jake"]
[WhiteFideId "44559151"]
[BlackFideId "2020041"]
[WhiteElo "2177"]
[BlackElo "2399"]
[Result "0-1"]
[Round "02"]
[TimeControl "180+2"]
[Date "2023.01.31"]
[WhiteClock "0:00:03"]
[BlackClock "0:01:39"]

1. e4 d6 2. d4 Nf6 3. Nc3 Nbd7 4. Be3 e5 5. Bc4 Be7 6. h3 O-O 7. Nf3 c6 8. O-O b5 9. Bd3 Bb7 10. dxe5 dxe5 11. a3 Bc5 12. Qd2 Qb6 13. Rfe1 Bxe3 14. Qxe3 Qxe3 15. Rxe3 Rfe8 16. Rd1 a5 17. Nh4 g6 18. g4 Nc5 19. Nf3 Rad8 20. Kg2 Kg7 21. Kg3 b4 22. axb4 axb4 23. Na2 Ncxe4+ 24. Kg2 c5 25. Rde1 Ng5 26. Be2 Nd5 27. Rb3 Nf4+ 28. Kg3 Nxe2+ 29. Rxe2 Nxf3 30. Rxf3 Bxf3 31. Kxf3 Rd1 32. b3 Ra8 33. c3 Ra1 0-1


[Site "https://www.chess.com"]

[Event "Titled Tuesday Blitz January 31 Late 2023"]
[White "Vovk, Orest"]
[Black "Torres Dominguez, David"]
[WhiteFideId "14113490"]
[BlackFideId "2220857"]
[WhiteElo "2315"]
[BlackElo "1994"]
[Result "1-0"]
[Round "02"]
[TimeControl "180+2"]
[Date "2023.01.31"]
[WhiteClock "0:00:21"]
[BlackClock "0:01:05"]

1. g4 e5 2. g5 Nc6 3. h4 Bc5 4. Bg2 Nge7 5. Nc3 O-O 6. Ne4 Bb6 7. h5 d5 8. Ng3 f5 9. d3 f4 10. Nf1 Nf5 11. Nf3 Be6 12. g6 h6 13. c3 e4 14. dxe4 dxe4 15. Qxd8 Raxd8 16. Nh4 f3 17. Bh3 fxe2 18. Ne3 Bc8 19. Nhxf5 Bxf5 20. Bxf5 Rxf5 21. Nxf5 Rd1+ 22. Kxe2 Rxh1 23. Ng3 Rg1 24. b3 Ne5 25. Bb2 Rxa1 26. Bxa1 Nd3 27. Nxe4 Nc1+ 28. Kd2 Nxa2 29. Kc2 Kf8 30. Kb2 Ke7 31. Kxa2 Ke6 32. c4 Kf5 33. Bxg7 Kxe4 34. Bxh6 Bd4 35. g7 Bxg7 36. Bxg7 Kf5 37. h6 Kg6 38. f4 c6 39. f5+ 1-0


[Site "https://www.chess.com"]

[Event "Titled Tuesday Blitz January 31 Late 2023"]
[White "Araujo, Everson De Moura"]
[Black "Golubev, Mikhail"]
[WhiteFideId "22737197"]
[BlackFideId "14100983"]
[WhiteElo "1944"]
[BlackElo "2461"]
[Result "0-1"]
[Round "02"]
[TimeControl "180+2"]
[Date "2023.01.31"]
[WhiteClock "0:00:16"]
[BlackClock "0:00:10"]

1. c4 g6 2. Nc3 Bg7 3. g3 e5 4. Bg2 Nc6 5. e4 d6 6. Nge2 f5 7. exf5 Bxf5 8. d4 exd4 9. Bxc6+ bxc6 10. Nxd4 Qe7+ 11. Be3 Bd7 12. O-O Nf6 13. Re1 O-O 14. Bh6 Qf7 15. Bxg7 Kxg7 16. Qf3 Qxc4 17. Nc2 Nd5 18. Qe2 Qxe2 19. Nxe2 Rae8 20. Ned4 c5 21. Rxe8 Rxe8 22. Nf3 Re2 23. Rc1 Bf5 24. Nfe1 a5 25. Kf1 Rd2 26. b3 Bh3+ 27. Kg1 Nc3 28. Nf3 Ne2+ 29. Kh1 Nxc1 30. Nxd2 Nxa2 31. Ne4 Bf5 32. f3 Nc1 33. Ne3 Nxb3 34. Nc3 Be6 35. g4 Nd4 36. Kg2 Bb3 37. Kf2 a4 38. f4 a3 39. Nf1 a2 40. Nxa2 Bxa2 41. Nd2 Bd5 42. Ke3 Kf6 43. h4 h5 44. Nf1 hxg4 45. Nh2 Nf5+ 46. Kf2 g3+ 47. Kg1 gxh2+ 48. Kxh2 c4 49. Kg1 c3 50. Kf2 c2 51. Ke2 c1=Q 52. h5 Bc4+ 53. Kf2 Qf1# 0-1


[Site "https://www.chess.com"]

[Event "Titled Tuesday Blitz January 31 Late 2023"]
[White "Chabris, Christopher"]
[Black "Grycel, Kamil"]
[WhiteFideId "2005263"]
[BlackFideId "1115499"]
[WhiteElo "2053"]
[BlackElo "2315"]
[Result "0-1"]
[Round "02"]
[TimeControl "180+2"]
[Date "2023.01.31"]
[WhiteClock "0:00:07"]
[BlackClock "0:00:15"]

1. e4 c5 2. Nf3 e6 3. d4 cxd4 4. Nxd4 a6 5. c4 Qc7 6. Nc3 Nf6 7. Be2 b6 8. O-O Bb7 9. Qd3 d6 10. f4 Nbd7 11. f5 e5 12. Nc2 Nc5 13. Qe3 Ncxe4 14. Nxe4 Bxe4 15. Bf3 Qb7 16. Kh1 Be7 17. Nb4 O-O 18. Nd5 Bxf3 19. Qxf3 Nxd5 20. cxd5 Rac8 21. Be3 Rc2 22. Qe4 Rfc8 23. f6 Bxf6 24. Rxf6 gxf6 25. Bh6 Qd7 26. Qf3 R2c4 27. Qxf6 Rg4 28. Rf1 Rg6 29. Qh4 Rc2 30. Bg5 b5 31. h3 Rc4 32. Qh5 Rc2 33. Rf3 h6 34. Bxh6 Rcxg2 35. Be3 Qb7 36. Qh4 Qxd5 37. Qd8+ Kg7 38. Qh4 Qxf3 0-1


[Site "https://www.chess.com"]

[Event "Titled Tuesday Blitz January 31 Late 2023"]
[White "Przybylski, Wojciech"]
[Black "Phillips, Rene"]
[WhiteFideId "1117599"]
[BlackFideId "2056275"]
[WhiteElo "2321"]
[BlackElo "1852"]
[Result "1-0"]
[Round "02"]
[TimeControl "180+2"]
[Date "2023.01.31"]
[WhiteClock "0:01:59"]
[BlackClock "0:01:27"]

1. e4 Nc6 2. Nf3 d5 3. e5 Bg4 4. Bb5 Qd7 5. h3 Bxf3 6. Qxf3 a6 7. Bxc6 Qxc6 8. Nc3 e6 9. O-O Nh6 10. d4 Nf5 11. Qd3 h5 12. Ne2 h4 13. Bg5 Be7 14. Bxe7 Nxe7 15. Rac1 b5 16. a4 Qc4 17. Qd2 Qxa4 18. b3 Qa2 19. Ra1 Qb2 20. Rfb1 1-0


[Site "https://www.chess.com"]

[Event "Titled Tuesday Blitz January 31 Late 2023"]
[White "Donskov, Anatoly"]
[Black "Ardila, Oscar Humberto"]
[WhiteFideId "24143413"]
[BlackFideId "4404742"]
[WhiteElo "2279"]
[BlackElo "1982"]
[Result "1-0"]
[Round "02"]
[TimeControl "180+2"]
[Date "2023.01.31"]
[WhiteClock "0:01:59"]
[BlackClock "0:01:48"]

1. e4 e5 2. Nf3 Nf6 3. d4 Nxe4 4. Bd3 d5 5. Nxe5 Nf6 6. O-O Bd6 7. Bg5 O-O 8. Qf3 Be7 9. Nd2 c6 10. Rae1 Nbd7 11. Qg3 Nxe5 12. dxe5 Ne8 13. Qh4 g6 14. Bxe7 Qa5 15. Nb3 Qb6 16. Bc5 Qc7 17. f4 Ng7 18. Bxf8 Kxf8 19. Qxh7 c5 20. Qh8+ Ke7 21. Qxg7 c4 22. Bxg6 cxb3 23. Qxf7+ Kd8 24. Qe8# 1-0


[Site "https://www.chess.com"]

[Event "Titled Tuesday Blitz January 31 Late 2023"]
[White "Vaglio Munoz, Jaime"]
[Black "Poeta, Caio Medeiros"]
[WhiteFideId "6500145"]
[BlackFideId "2142660"]
[WhiteElo "2174"]
[BlackElo "2088"]
[Result "1/2-1/2"]
[Round "02"]
[TimeControl "180+2"]
[Date "2023.01.31"]
[WhiteClock "0:02:06"]
[BlackClock "0:02:23"]

1. Nf3 Nf6 2. g3 g6 3. Bg2 Bg7 4. O-O O-O 5. d4 d6 6. b3 b6 7. Ne5 d5 8. c4 Bb7 9. Nc3 c6 10. Bb2 Nbd7 11. Rc1 e6 12. Nxd7 Qxd7 13. Qc2 Rac8 14. e4 dxe4 15. Nxe4 c5 16. Nxf6+ Bxf6 17. dxc5 Bxb2 18. Qxb2 Bxg2 19. Kxg2 Rxc5 20. Rfd1 Qc6+ 21. Kg1 Rc8 22. Rb1 a6 23. Qe2 b5 24. cxb5 axb5 25. Rd2 b4 26. Rbd1 Rc1 27. Rxc1 Qxc1+ 28. Rd1 Qc2 29. Rd8+ Kg7 30. Qe5+ Kh6 31. Qf4+ Kg7 32. Qe5+ Kh6 33. Qf4+ Kg7 34. Qe5+ 1/2-1/2


[Site "https://www.chess.com"]